IL
NORFOLK TIDES @ SCRANTON/WILKES-BARRE RED BARONS
04/17/2004
 
TOP OF THE 1ST
Norfolk Tides batting - Pitching for Scranton/Wilkes-Barre Red Barons : RHP Andrew Kown
Pitching: RHP Andrew Kown
Batting: RHB Oscar Garcia 0-0: Ball
1-0: Ball
2-0: Foul Ball, location: 5F
2-1: Swinging Strike
2-2: Strikes out swinging
Batting: LHB Chris Dickerson 0-0: Ground out 1-3 (Groundball, 13S, EV 74.4 MPH)
Batting: RHB Kurt Suzuki 0-0: Called Strike
0-1: Ball
1-1: Called Strike
1-2: SINGLE (Line Drive, 89M, EV 101.9 MPH)
Batting: RHB Tagg Bozied 0-0: Foul Ball, location: 5F
0-1: Ball
1-1: Ball
2-1: Swinging Strike
2-2: Ground out 1-3 (Groundball, 13S, EV 71.9 MPH)
Top of the 1st over - 0 runs, 1 hit, 0 errors, 1 left on base; Norfolk 0 - Scranton/Wilkes-Barre 0
BOTTOM OF THE 1ST
Scranton/Wilkes-Barre Red Barons batting - Pitching for Norfolk Tides : RHP Andy Baldwin
Pitching: RHP Andy Baldwin
Batting: LHB Carl Crawford 0-0: Ball
1-0: SINGLE (Line Drive, 89S, EV 92.5 MPH)
Batting: SHB Alejandro Machado 0-0: Foul Ball, location: 7LDF
0-1: Foul Ball, location: 2F
0-2: Foul Ball, location: 7LSF
0-2: Foul Ball, location: 2F
0-2: Foul Ball, location: 2F
0-2: Foul Ball, location: 23FF
0-2: Ball
1-2: Foul Ball, location: 2F
1-2: Ball
Wild Pitch!
Carl Crawford to second
2-2: Foul Ball, location: 2F
2-2: SINGLE (Line Drive, 6MD, EV 101.9 MPH)
Carl Crawford to third
Batting: RHB Miguel Ruiz 0-0: Ball
1-0: Called Strike
1-1: Swinging Strike
1-2: Ball
2-2: Foul Ball, location: 3SF
2-2: Ball
3-2: SINGLE (Groundball, 6MD, EV 102.5 MPH)
Carl Crawford scores
Alejandro Machado to second
Batting: RHB Ryo Kaneshiro 0-0: SINGLE (Line Drive, 8LS, EV 103.8 MPH)
Alejandro Machado to third
Miguel Ruiz to second
Runner from 3rd tries for Home, SAFE, throw by CF to home
Batting: SHB Roger Cedeno 0-0: Ball
1-0: Foul Ball, location: 7LDF
1-1: Ball
2-1: Fly out, F8 (Line Drive, 8LM, EV 104.4 MPH)
Batting: RHB Cory Harris 0-0: Ball
1-0: Ball
2-0: Called Strike
2-1: Foul Ball, location: 5F
2-2: Foul Ball, location: 9LMF
2-2: Foul Ball, location: 2F
2-2: Ball
3-2: SINGLE (Groundball, 4MD, EV 96.3 MPH)
Miguel Ruiz to third
Ryo Kaneshiro to second
Batting: RHB Jose Bautista 0-0: Called Strike
0-1: Foul Ball, location: 9LSF
0-2: Ball
1-2: Ball
2-2: Ball
3-2: Strikes out swinging
Batting: RHB A.J. Ellis 0-0: Ball
1-0: Foul Ball, location: 2F
1-1: Ground out 4-3 (Groundball, 34D, EV 95.0 MPH)
Bottom of the 1st over - 2 runs, 5 hits, 0 errors, 3 left on base; Norfolk 0 - Scranton/Wilkes-Barre 2
TOP OF THE 2ND
Norfolk Tides batting - Pitching for Scranton/Wilkes-Barre Red Barons : RHP Andrew Kown
Batting: RHB Eric Spadt 0-0: Called Strike
0-1: Ball
1-1: Ball
2-1: Foul Ball, location: 2F
2-2: Foul Ball, location: 25FF
2-2: Fly out, F7 (Flyball, 7, EV 91.9 MPH)
Batting: LHB Luke Allen 0-0: Foul Ball, location: 3FF
0-1: Ball
1-1: Ground out U3 (Groundball, 34, EV 101.3 MPH)
Batting: LHB Jeff Stanek 0-0: Called Strike
0-1: Ball
1-1: Ball
2-1: Ball
3-1: Base on Balls
Batting: LHB Eric Servais 0-0: Called Strike
0-1: Ball
1-1: Foul Ball, location: 7LSF
1-2: Strikes out looking
Top of the 2nd over - 0 runs, 0 hits, 0 errors, 1 left on base; Norfolk 0 - Scranton/Wilkes-Barre 2
BOTTOM OF THE 2ND
Scranton/Wilkes-Barre Red Barons batting - Pitching for Norfolk Tides : RHP Andy Baldwin
Batting: RHB Adam Pavkovich 0-0: Ball
1-0: Ground out 6-3 (Groundball, 6, EV 82.5 MPH)
Batting: LHB Carl Crawford 0-0: Called Strike
0-1: Ball
1-1: Fly out, F6 (Popup, 6D, EV 43.8 MPH)
Batting: SHB Alejandro Machado 0-0: Foul Ball, location: 5F
0-1: Ball
1-1: Ball
2-1: Ground out 5-3 (Groundball, 56, EV 82.5 MPH)
Bottom of the 2nd over - 0 runs, 0 hits, 0 errors, 0 left on base; Norfolk 0 - Scranton/Wilkes-Barre 2
TOP OF THE 3RD
Norfolk Tides batting - Pitching for Scranton/Wilkes-Barre Red Barons : RHP Andrew Kown
Batting: SHB Brooks Conrad 0-0: Ball
1-0: Ground out 6-3 (Groundball, 6, EV 86.9 MPH)
Batting: RHB Oscar Garcia 0-0: Ball
1-0: Ball
2-0: Called Strike
2-1: Foul Ball, location: 2F
2-2: Strikes out swinging
Batting: LHB Chris Dickerson 0-0: Ball
1-0: Swinging Strike
1-1: Called Strike
1-2: Strikes out swinging
Top of the 3rd over - 0 runs, 0 hits, 0 errors, 0 left on base; Norfolk 0 - Scranton/Wilkes-Barre 2
BOTTOM OF THE 3RD
Scranton/Wilkes-Barre Red Barons batting - Pitching for Norfolk Tides : RHP Andy Baldwin
Batting: RHB Miguel Ruiz 0-0: Ball
1-0: SINGLE (Line Drive, 9S, EV 104.4 MPH)
Batting: RHB Ryo Kaneshiro 0-0: Foul Ball, location: 9LMF
0-1: Ball
1-1: Called Strike
1-2: Ball
2-2: Foul Ball, location: 2F
2-2: Foul Ball, location: 25F
2-2: Strikes out swinging
Batting: SHB Roger Cedeno 0-0: Called Strike
0-1: Foul Ball, location: 7LMF
0-2: Ball
1-2: Ball
2-2: Grounds into double play, 4-6-3 (Groundball, 4, EV 91.9 MPH)
Bottom of the 3rd over - 0 runs, 1 hit, 0 errors, 0 left on base; Norfolk 0 - Scranton/Wilkes-Barre 2
TOP OF THE 4TH
Norfolk Tides batting - Pitching for Scranton/Wilkes-Barre Red Barons : RHP Andrew Kown
Batting: RHB Kurt Suzuki 0-0: Called Strike
0-1: Called Strike
0-2: Ball
1-2: Strikes out swinging
Batting: RHB Tagg Bozied 0-0: Ball
1-0: Ball
2-0: Ball
3-0: Base on Balls
Batting: RHB Eric Spadt 0-0: Foul Ball, location: 2F
0-1: Ball
1-1: Called Strike
1-2: Strikes out looking
Batting: LHB Luke Allen 0-0: Called Strike
0-1: Ball
1-1: Swinging Strike
1-2: Strikes out looking
Top of the 4th over - 0 runs, 0 hits, 0 errors, 1 left on base; Norfolk 0 - Scranton/Wilkes-Barre 2
BOTTOM OF THE 4TH
Scranton/Wilkes-Barre Red Barons batting - Pitching for Norfolk Tides : RHP Andy Baldwin
Batting: RHB Cory Harris 0-0: DOUBLE (Line Drive, 89D, EV 110.6 MPH)
Batting: RHB Jose Bautista 0-0: Foul Ball, location: 9LSF
0-1: Ball
1-1: Foul Ball, location: 9LDF
1-2: Fly out, F7 (Line Drive, 78M, EV 94.4 MPH)
Runner from 2nd tags up, SAFE at 3rd with throw by LF
Batting: RHB A.J. Ellis 0-0: Ball
1-0: Ground out 4-3 (Groundball, 4MD, EV 96.9 MPH)
Cory Harris scores
Batting: RHB Adam Pavkovich 0-0: Fly out, F2 (Popup, 23F, EV 75.6 MPH)
Bottom of the 4th over - 1 run, 1 hit, 0 errors, 0 left on base; Norfolk 0 - Scranton/Wilkes-Barre 3
TOP OF THE 5TH
Norfolk Tides batting - Pitching for Scranton/Wilkes-Barre Red Barons : RHP Andrew Kown
Batting: LHB Jeff Stanek 0-0: Called Strike
0-1: Ball
1-1: SINGLE (Line Drive, 6D, EV 95.6 MPH)
Batting: LHB Eric Servais 0-0: Ball
1-0: Grounds into double play, 4-6-3 (Groundball, 4S, EV 86.3 MPH)
Batting: SHB Brooks Conrad 0-0: Ball
1-0: Ball
2-0: Called Strike
2-1: Ball
3-1: Base on Balls
Batting: RHB Oscar Garcia 0-0: Foul Ball, location: 3F
0-1: Ball
Wild Pitch!
Brooks Conrad to second
1-1: Swinging Strike
1-2: Ground out 4-3 (Groundball, 4MD, EV 104.4 MPH)
Top of the 5th over - 0 runs, 1 hit, 0 errors, 1 left on base; Norfolk 0 - Scranton/Wilkes-Barre 3
BOTTOM OF THE 5TH
Scranton/Wilkes-Barre Red Barons batting - Pitching for Norfolk Tides : RHP Andy Baldwin
Batting: LHB Carl Crawford 0-0: Swinging Strike
0-1: Ground out 5-3 (Groundball, 56, EV 90.0 MPH)
Batting: SHB Alejandro Machado 0-0: Called Strike
0-1: Ground out 4-3 (Groundball, 34, EV 90.0 MPH)
Batting: RHB Miguel Ruiz 0-0: Ball
1-0: Foul Ball, location: 3F
1-1: Foul Ball, location: 2F
1-2: Fly out, F3 (Popup, 3S, EV 77.5 MPH)
Bottom of the 5th over - 0 runs, 0 hits, 0 errors, 0 left on base; Norfolk 0 - Scranton/Wilkes-Barre 3
TOP OF THE 6TH
Norfolk Tides batting - Pitching for Scranton/Wilkes-Barre Red Barons : RHP Andrew Kown
Batting: LHB Chris Dickerson 0-0: Fly out, F5 (Popup, 5SF, EV 71.9 MPH)
Batting: RHB Kurt Suzuki 0-0: SOLO HOME RUN (Flyball, 89XD, EV 98.1 MPH), Distance : 389 ft
Batting: RHB Tagg Bozied 0-0: Swinging Strike
0-1: Fly out, F5 (Popup, 25F, EV 85.6 MPH)
Batting: RHB Eric Spadt 0-0: Called Strike
0-1: Ball
1-1: Foul Ball, location: 2F
1-2: Foul Ball, location: 2F
1-2: Ground out 4-3 (Groundball, 4, EV 91.3 MPH)
Top of the 6th over - 1 run, 1 hit, 0 errors, 0 left on base; Norfolk 1 - Scranton/Wilkes-Barre 3
BOTTOM OF THE 6TH
Scranton/Wilkes-Barre Red Barons batting - Pitching for Norfolk Tides : RHP Andy Baldwin
Batting: RHB Ryo Kaneshiro 0-0: Ball
1-0: Ball
2-0: Called Strike
2-1: Called Strike
2-2: Foul Ball, location: 25F
2-2: Strikes out swinging
Batting: SHB Roger Cedeno 0-0: Called Strike
0-1: Called Strike
0-2: Strikes out swinging
Batting: RHB Cory Harris 0-0: Ball
1-0: Ball
2-0: Ball
3-0: Base on Balls
Pitching: RHP Brett Rudrude
Batting: RHB Jose Bautista 0-0: Ball
Cory Harris steals 2nd base
1-0: Ball
2-0: Called Strike
2-1: Ball
3-1: Base on Balls
Batting: RHB A.J. Ellis 0-0: Ball
1-0: Ball
2-0: Ground out 5-3 (Groundball, 56S, EV 80.0 MPH)
Bottom of the 6th over - 0 runs, 0 hits, 0 errors, 2 left on base; Norfolk 1 - Scranton/Wilkes-Barre 3
TOP OF THE 7TH
Norfolk Tides batting - Pitching for Scranton/Wilkes-Barre Red Barons : RHP Andrew Kown
Batting: LHB Luke Allen 0-0: Ball
1-0: Ball
2-0: Called Strike
2-1: Ball
3-1: Foul Ball, location: 5SF
3-2: Base on Balls
Batting: LHB Jeff Stanek 0-0: Ball
1-0: SINGLE (Groundball, 6M, EV 103.1 MPH) (infield hit)
Luke Allen to second
Batting: LHB Eric Servais 0-0: Ball
1-0: Sac Bunt to P - play at first, batter OUT! 1-3
Luke Allen to third
Jeff Stanek to second
Pitching: RHP Masataka Endo
Batting: SHB Brooks Conrad 0-0: 3-RUN HOME RUN (Flyball, 7LD, EV 91.3 MPH), Distance : 334 ft
Batting: RHB Oscar Garcia 0-0: Foul Ball, location: 2F
0-1: Ball
1-1: Ball
2-1: Foul Ball, location: 2F
2-2: Ground out 6-3 (Groundball, 6M, EV 106.3 MPH)
Batting: LHB Chris Dickerson 0-0: Ball
1-0: Ball
2-0: Ball
3-0: Called Strike
3-1: Base on Balls
Batting: RHB Kurt Suzuki 0-0: Called Strike
0-1: Ball
1-1: Fly out, F7 (Line Drive, 7S, EV 110.6 MPH)
Top of the 7th over - 3 runs, 2 hits, 0 errors, 1 left on base; Norfolk 4 - Scranton/Wilkes-Barre 3
BOTTOM OF THE 7TH
Scranton/Wilkes-Barre Red Barons batting - Pitching for Norfolk Tides : RHP Brett Rudrude
Pinch Hitting: LHB Eleazar Reyes 0-0: Swinging Strike
0-1: Called Strike
0-2: Ball
1-2: Ground out 5-3 (Groundball, 5D, EV 98.1 MPH)
Batting: LHB Carl Crawford 0-0: Ball
1-0: Called Strike
1-1: Foul Ball, location: 5SF
1-2: Fly out, F8 (Flyball, 89XD, EV 110.6 MPH)
Batting: SHB Alejandro Machado 0-0: Ball
1-0: Ball
2-0: SINGLE (Groundball, 6D, EV 95.6 MPH)
Batting: RHB Miguel Ruiz 0-0: Called Strike
0-1: Swinging Strike
0-2: Strikes out swinging
Bottom of the 7th over - 0 runs, 1 hit, 0 errors, 1 left on base; Norfolk 4 - Scranton/Wilkes-Barre 3
TOP OF THE 8TH
Norfolk Tides batting - Pitching for Scranton/Wilkes-Barre Red Barons : RHP Masataka Endo
Now at SS: Norihiro Nakamura
Batting: RHB Tagg Bozied 0-0: Ball
1-0: Foul Ball, location: 9LMF
1-1: Called Strike
1-2: SINGLE (Line Drive, 4MD, EV 95.6 MPH)
Batting: RHB Eric Spadt 0-0: Ball
1-0: Called Strike
1-1: Ball
2-1: Ball
3-1: Base on Balls
Tagg Bozied to second
Batting: LHB Luke Allen 0-0: Called Strike
0-1: Called Strike
0-2: Strikes out swinging
Batting: LHB Jeff Stanek 0-0: Ball
1-0: Swinging Strike
1-1: Ball
2-1: SINGLE (Line Drive, 8LS, EV 108.1 MPH)
Tagg Bozied to third
Eric Spadt to second
Runner from 3rd tries for Home, SAFE, throw by CF to home
Batting: LHB Eric Servais 0-0: Ball
1-0: Called Strike
1-1: Fly out, F9 (Flyball, 89M, EV 82.5 MPH)
Pitching: RHP Manuel Valero
Batting: SHB Brooks Conrad 0-0: Called Strike
0-1: Ball
1-1: Foul Ball, location: 2F
1-2: Strikes out swinging
Top of the 8th over - 1 run, 2 hits, 0 errors, 2 left on base; Norfolk 5 - Scranton/Wilkes-Barre 3
BOTTOM OF THE 8TH
Scranton/Wilkes-Barre Red Barons batting - Pitching for Norfolk Tides : RHP Brett Rudrude
Pitching: RHP Hiroyuki Iida
Batting: RHB Ryo Kaneshiro 0-0: Called Strike
0-1: Called Strike
0-2: Ball
1-2: Ball
2-2: SINGLE (Line Drive, 4MD, EV 95.0 MPH)
Batting: SHB Roger Cedeno 0-0: Foul Ball, location: 5DF
0-1: Foul Ball, location: 7LSF
0-2: Ball
1-2: Foul Ball, location: 2F
1-2: Fly out, F7 (Line Drive, 7S, EV 95.6 MPH)
Pinch Hitting: LHB Julio Reyes 0-0: Foul Ball, location: 2F
0-1: Ball
1-1: Ball
2-1: SINGLE (Line Drive, 56D, EV 109.4 MPH)
Ryo Kaneshiro to second
Pinch Runner at 2nd Rich Thompson:
Batting: RHB Jose Bautista 0-0: 3-RUN HOME RUN (Flyball, 78XD, EV 95.6 MPH), Distance : 390 ft
Pitching: RHP Dave Pember
Batting: RHB A.J. Ellis 0-0: Ball
1-0: Ball
2-0: Ground out U3 (Groundball, 23, EV 84.4 MPH)
Batting: RHB Norihiro Nakamura 0-0: Ball
1-0: Foul Ball, location: 2F
1-1: Ball
2-1: Foul Ball, location: 2F
2-2: Ball
3-2: Base on Balls
Batting: LHB Carl Crawford 0-0: Foul Ball, location: 2F
0-1: Foul Ball, location: 7LSF
0-2: Foul Ball, location: 23FF
0-2: Foul Ball, location: 5F
0-2: Foul Ball, location: 7LSF
0-2: Ball
1-2: SINGLE (Groundball, 6MD, EV 85.0 MPH) (infield hit)
Norihiro Nakamura to second
Pinch Runner at 2nd Rontrez Johnson:
Batting: SHB Alejandro Machado 0-0: Ball
1-0: Called Strike
1-1: Ball
2-1: Foul Ball, location: 25F
2-2: Foul Ball, location: 7LDF
2-2: Fielders Choice at 2nd, 6-4 (Groundball, 56, EV 89.4 MPH)
Bottom of the 8th over - 3 runs, 4 hits, 0 errors, 2 left on base; Norfolk 5 - Scranton/Wilkes-Barre 6
TOP OF THE 9TH
Norfolk Tides batting - Pitching for Scranton/Wilkes-Barre Red Barons : RHP Manuel Valero
Pitching: RHP Asdrubal Infante
Now at 1B: John Hattig
Now at SS: Chad Tracy
Now in LF: Roger Cedeno
Now in CF: Rontrez Johnson
Batting: RHB Oscar Garcia 0-0: Ball
1-0: Swinging Strike
1-1: Swinging Strike
1-2: Ball
2-2: Strikes out looking
Batting: LHB Chris Dickerson 0-0: Ball
1-0: Called Strike
1-1: Ball
2-1: Ball
3-1: Base on Balls
Batting: RHB Kurt Suzuki 0-0: Ball
1-0: Called Strike
1-1: Grounds into double play, 6-4-3 (Groundball, 56S, EV 88.1 MPH)
Top of the 9th over - 0 runs, 0 hits, 0 errors, 0 left on base; Norfolk 5 - Scranton/Wilkes-Barre 6
Tuesday, November 5th , 2024 - OOTP Baseball 25.9 Build 91